Map: Rhoskallian LE

Players

mihelherbííí

  • Race: Protoss Protoss
  • League: Platinum
  • Spawn Location: 5:00

HaRleQiMcZ

  • Race: Zerg Zerg
  • Spawn Location: 6:00

qqq - Winner!

  • Race: Zerg Zerg
  • Spawn Location: 12:00

Massa - Winner!

  • Race: Terran Terran
  • League: Platinum
  • Spawn Location: 11:00

VOD

Have the link to the VOD?

Description

Time

  • Played on: Oct. 26, 2020, 3:48 p.m.
  • Length: 5:22
Show
View Real Time Build Order
Export as new Build Order

mihelherbííí Protoss 

Build Orders: Oracle Opening 

Get SALT Encoding   

  12  0:00  Probe  
  13  0:12  Probe  
  14  0:18  Pylon  
  14  0:24  Probe  
  15  0:36  Gateway  
  15  0:38  Probe (Chrono Boost)  
  16  0:48  Probe (Chrono Boost)  
  17  0:53  Probe (Chrono Boost)  
  18  0:58  Assimilator  
  18  1:23  Cybernetics Core  
  18  1:24  Probe  
  19  1:36  Probe  
  20  1:45  Nexus  
  20  1:48  Probe  
  20  1:52  Assimilator  
  21  1:58  Gateway  
  21  2:00  Probe  
  22  2:25  Stargate  
  22  2:28  Probe  
  23  2:37  Warp Gate (Chrono Boost)  
  23  2:38  Pylon  
  23  2:39  Pylon  
  23  2:54  Pylon  
  23  2:55  Adept  
  23  2:57  Probe (Chrono Boost)  
  27  3:00  Probe (Chrono Boost)  
  27  3:09  Gateway  
  27  3:10  Probe (Chrono Boost)  
  28  3:15  Oracle  
  28  3:18  Probe  
  32  3:20  Probe  
  32  3:23  Assimilator  
  33  3:28  Adept  
  35  3:34  Probe  
  35  3:37  Probe  
  37  3:43  Assimilator  
  37  3:46  Probe  
  38  3:49  Probe  
  38  3:53  Robotics Facility  
  39  4:01  Probe (Chrono Boost), Pylon  
  40  4:03  Probe (Chrono Boost)  
  41  4:13  Stalker  
  41  4:14  Probe (Chrono Boost)  
  40  4:25  Stalker  
  40  4:26  Stalker  
  37  4:38  Stalker  
  30  4:49  Stalker x2  
  30  4:52  Probe  
  29  5:12  Adept  
Show
View Real Time Build Order
Export as new Build Order

HaRleQiMcZ Zerg 

Build Orders: Hatch First 

Get SALT Encoding   

  12  0:00  Drone  
  13  0:13  Overlord  
  13  0:18  Drone  
  14  0:25  Extractor, Drone  
  15  0:33  Drone  
  16  0:40  Drone  
  17  0:55  Hatchery  
  16  0:57  Drone  
  16  1:00  Extractor  
  16  1:04  Drone  
  17  1:17  Spawning Pool  
  16  1:21  Drone  
  16  1:25  Drone  
  18  1:30  Drone  
  19  2:05  Queen  
  19  2:06  Queen  
  23  2:09  Drone x4  
  23  2:14  Extractor  
  26  2:17  Drone  
  27  2:34  Drone  
  28  2:51  Overlord x2  
  28  2:55  Lair  
  28  2:56  Hatchery  
  27  3:06  Zergling x2  
  27  3:12  Zergling x8  
  32  3:27  Extractor, Metabolic Boost  
  32  3:30  Drone x3  
  32  3:31  Drone  
  35  3:40  Roach Warren  
  34  3:58  Drone  
  34  3:59  Drone x5  
  38  4:15  Zergling x4  
  32  4:42  Zergling x2  
  32  4:43  Zergling x14  
  33  4:59  Zergling x4  
Show
View Real Time Build Order
Export as new Build Order

qqq Zerg - Winner!

Build Orders: Hatch First 

Get SALT Encoding   

  12  0:01  Drone  
  13  0:08  Drone  
  14  0:37  Hatchery  
  14  0:41  Drone  
  14  0:57  Spawning Pool  
  13  1:05  Overlord  
  13  1:10  Drone  
  14  1:13  Extractor  
  14  1:17  Drone  
  14  1:23  Drone  
  15  1:34  Drone  
  16  1:44  Queen  
  16  1:46  Drone  
  19  1:50  Drone  
  20  2:12  Drone x2, Queen  
  24  2:16  Drone  
  25  2:24  Drone  
  25  2:26  Zergling x2  
  25  2:29  Metabolic Boost  
  27  2:35  Extractor  
  26  2:37  Overlord  
  26  2:41  Zergling x2  
  27  2:44  Zergling x2  
  27  2:51  Baneling Nest  
  27  2:53  Zergling x2  
  28  2:58  Overlord  
  28  3:03  Zergling x2  
  28  3:05  Zergling x2  
  30  3:08  Zergling x2  
  30  3:12  Zergling x2  
  32  3:19  Zergling x4  
  34  3:22  Zergling x2  
  35  3:30  Zergling x4  
  35  3:31  Zergling x2  
  38  3:35  Zergling x2  
  38  3:36  Zergling x2  
  38  3:39  Baneling x2  
  40  3:42  Zergling x2  
  41  3:50  Zergling x2  
  41  3:51  Overlord  
  42  3:56  Baneling  
  42  3:57  Baneling  
  42  4:01  Zergling x4  
  44  4:14  Baneling x2  
  44  4:15  Baneling  
  43  4:26  Zergling x4  
  43  4:27  Zergling x4  
  42  4:40  Zergling x4  
  42  4:41  Zergling x8  
  45  4:47  Zergling x4  
Show
View Real Time Build Order
Export as new Build Order

Massa Terran - Winner!

Build Orders:  

Get SALT Encoding   

  12  0:00  SCV  
  13  0:12  SCV  
  14  0:22  Supply Depot  
  14  0:24  SCV  
  15  0:32  Refinery  
  15  0:44  SCV  
  15  0:45  Barracks  
  16  0:56  SCV  
  17  1:08  SCV  
  18  1:18  Refinery  
  18  1:20  SCV  
  19  1:32  SCV, Marine  
  20  1:36  Factory  
  21  1:44  Orbital Command  
  21  1:50  Marine  
  22  2:08  Marine  
  22  2:15  Supply Depot  
  23  2:20  Factory Tech Lab  
  23  2:32  Command Center  
  23  2:37  SCV  
  24  2:42  Siege Tank  
  27  2:45  Marine  
  28  2:54  SCV  
  29  3:03  Marine  
  30  3:07  SCV  
  30  3:10  Supply Depot  
  31  3:21  Barracks Tech Lab  
  31  3:28  Starport  
  31  3:32  Siege Tank  
  34  3:37  SCV  
  35  3:44  Marauder  
  37  3:49  Orbital Command  
  37  3:50  SCV  
  38  4:04  Siege Tank  
  41  4:37  Marauder  
  37  4:48  SCV x2  
  39  4:55  Barracks x2  
  39  4:58  Marine  
  43  5:00  SCV  
  43  5:01  SCV  
Tags
 
Add a new tag
Caveats
  • Supply blocks, unpowered buildings, or Contaminate may cause inaccurate times.
  • Supply counts are checked every 10 seconds.